 Dungeon Crawl Stone Soup version 0.25.1-2-g60ff931df9 (webtiles) character file.

Game seed: 18200325417905878688

54198 Delamore the Peltast (level 14, -5/94 HPs)
             Began as a Gargoyle Fighter on Aug 28, 2020.
             Was the Champion of Okawaru.
             Killed by divine providence
             ... invoked by a meliai
              (15 damage)
             ... on level 13 of the Dungeon.
             The game lasted 00:22:10 (19042 turns).

Delamore the Peltast (Gargoyle Fighter)            Turns: 19042, Time: 00:22:10

Health: -5/94      AC: 19    Str: 24    XL:     14   Next: 71%
Magic:  20/20      EV:  8    Int: 10    God:    Okawaru [******]
Gold:   1001       SH: 19    Dex: 16    Spells: 13/13 levels left

rFire    . . .     SeeInvis +   b - +2 demon whip of Quick Death {drain, rN+ Dex+9}
rCold    . . .     Gourm    .   c - +0 kite shield
rNeg     + + .     Faith    .   j - +0 chain mail
rPois    ∞         Spirit   .   v - +0 helmet
rElec    +         Reflect  +   R - +2 cloak
rCorr    .         Harm     .   (no gloves)
MR       ++++.                  e - +2 pair of boots
Stlth    ..........             J - amulet of Wuag {Reflect MR+++ Dex-2 Slay+5 SH+5}
HPRegen  0.25/turn              B - ring of see invisible
MPRegen  0.17/turn              r - +4 ring of slaying

@: corroded
A: big wings, negative energy resistance 1, electricity resistance, unbreathing,
petrification resistance, rot immunity, AC +10
a: Fly, Heroism, Finesse, Renounce Religion


You were on level 13 of the Dungeon.
You worshipped Okawaru.
Okawaru was exalted by your worship.
You were not hungry.

You visited 4 branches of the dungeon, and saw 21 of its levels.

You collected 1158 gold pieces.
You spent 157 gold pieces at shops.

Inventory:

Hand Weapons
 b - the +2 demon whip of Quick Death (weapon) {drain, rN+ Dex+9}
   (Okawaru gifted it to you on level 9 of the Dungeon)

   A truly terrible weapon, it drains the life of those it strikes.
   It affects your dexterity (+9).
   It protects you from negative energy.
 T - a +2 eveningstar of freezing
Missiles
 o - 7 silver javelins
 s - 8 javelins (quivered)
 P - 3 throwing nets
Armour
 c - a +0 kite shield (worn)
 e - a +2 pair of boots (worn)
 j - a +0 chain mail (worn)
 v - a +0 helmet (worn)
 R - a +2 cloak (worn)
Jewellery
 r - a +4 ring of slaying (right hand)
 B - a ring of see invisible (left hand)
 J - the amulet of Wuag (around neck) {Reflect MR+++ Dex-2 Slay+5 SH+5}
   (You found it on level 8 of the Dungeon)

   [amulet of reflection]

   It shields you and reflects attacks.
   It affects your dexterity (-2).
   It affects your accuracy and damage with ranged weapons and melee attacks
   (+5).
   It affects your resistance to hostile enchantments.
   It affects your SH (+5).
 U - an uncursed ring of ice
Wands
 u - a wand of random effects (22)
 F - a wand of flame (36)
 N - a wand of polymorph (14)
 O - a wand of paralysis (18)
 Q - a wand of clouds (5)
Scrolls
 a - 5 scrolls of fog
 i - 3 scrolls of amnesia
 k - 3 scrolls of magic mapping
 n - 13 scrolls of teleportation
 t - 3 scrolls of fear
 x - 2 scrolls of enchant weapon
 y - 3 scrolls of enchant armour
 C - 4 scrolls of immolation
 D - 2 scrolls of identify
 E - 3 scrolls of blinking
 L - 2 scrolls of summoning
 M - 4 scrolls of remove curse
 S - a scroll of holy word
Potions
 d - 5 potions of might
 g - 2 potions of cancellation
 h - 12 potions of curing {unknown}
 l - 2 potions of brilliance
 p - a potion of magic
 q - 5 potions of degeneration
 z - 4 potions of stabbing
 A - 5 potions of flight {unknown}
 G - 3 potions of haste
 H - 3 potions of resistance {unknown}
 K - 3 potions of lignification {unknown}
Miscellaneous
 I - a phantom mirror
Comestibles
 f - 35 rations
 m - 5 chunks of flesh


   Skills:
 + Level 13.0 Fighting
 - Level 14.0 Maces & Flails
 - Level 3.2 Armour
 - Level 15.0 Shields
 - Level 8.0 Invocations
 + Level 7.4 Evocations


You had 13 spell levels left.
You didn't know any spells.
Your spell library contained the following spells:

 Spells                   Type           Power        Failure   Level  Hunger
 Animate Skeleton         Necr           N/A          95%         1    ##.....
 Apportation              Tloc           #.....       95%         1    ##.....
 Corona                   Hex            #......      95%         1    ##.....
 Freeze                   Ice            #...         95%         1    ##.....
 Summon Small Mammal      Summ           #...         95%         1    ##.....
 Call Imp                 Summ           #.......     99%         2    ###....
 Ensorcelled Hibernation  Hex/Ice        #.....       99%         2    ###....
 Call Canine Familiar     Summ           #.......     100%        3    ####...
 Confusing Touch          Hex            #.......     100%        3    ####...
 Dazzling Flash           Conj/Hex       #.....       100%        3    ####...
 Frozen Ramparts          Ice            #.....       100%        3    ####...
 Ozocubu's Armour         Chrm/Ice       #.......     100%        3    ####...
 Summon Guardian Golem    Hex/Summ       #.......     100%        3    ####...
 Tukima's Dance           Hex            #.......     100%        3    ####...
 Hailstorm                Conj/Ice       #.......     100%        4    #####..
 Summon Ice Beast         Ice/Summ       #.......     100%        4    #####..
 Summon Lightning Spire   Summ/Air       #.......     100%        4    #####..


Dungeon Overview and Level Annotations

Branches:
Dungeon (13/15)            Temple (1/1) D:5            Lair (6/6) D:10
 Shoals (1/4) Lair:2        Snake (0/4) Lair:4        Slime (0/5) Lair:5
    Orc (0/2) D:12
 Vaults: D:13-14

Altars:
Ashenzari
Cheibriados
Dithmenos
Elyvilon
Fedhas
Gozag
Hepliaklqana
Kikubaaqudgha
Makhleb
Nemelex Xobeh
Okawaru
Qazlal
Ru
Sif Muna
Trog
Uskayaw
Vehumet
Wu Jian
Xom
Yredelemnul
Zin
The Shining One

Shops:
D:5 !   D:10 ?   D:11 =

Portals:
Trove: D:12 (give +2 storm dragon scales)


Innate Abilities, Weirdness & Mutations

You are resistant to torment.
Your stone body is resilient. (AC +10)
You are immune to poison.
Your large and strong wings let you fly indefinitely.
You resist negative energy. (rN+)
You are resistant to electric shocks. (rElec)
You can survive without breathing.
You are immune to petrification.
You are immune to rotting.


Message History

The meliai is lightly wounded.
The meliai zaps a wand.
The bolt of acid hits you but does no damage.
You are splashed with acid!
You whack the meliai!
The meliai is severely wounded.
You block the meliai's attack. x2
Your chain mail prevents you from hitting the meliai.
The meliai is severely wounded.
The meliai zaps a wand.
The bolt of acid hits you!
* * * LOW HITPOINT WARNING * * *
The acid corrodes you!
You are splashed with acid!
* * * LOW HITPOINT WARNING * * *
Okay, then.
Okay, then.
You miss the meliai.
The meliai is severely wounded.
The meliai mumbles some strange prayers to its god against you.
Something smites you!
You die...

*******,,,,,*,....#.***** *
******,,,,**,,,,,+,.#...,,,,*****
*,+,**,,,,**,,,,,##.#..#*,,..,,,,
*,*,,,,,,∩**,,,,,#..#..#***.####*
*,+,**,,,,**,,,,,#.##..# *.#...,
*,****,,,,****+**#.....####.#.#**
*,* ****** #,* #............##*
*,*******#####'###.#.......##..,,
*,,,,,,,,....(.y@..#.......##.#**
********,.....(..$.#.......##.###
*,.........#######........
**########## #.....### #.....#
#.....# ****#...<.# *,,.......#
*,........#


You could see a meliai (drained).

Vanquished Creatures
  Gastronok (D:8)
  A dire elephant (Lair:6)
  Snorg (Lair:4)
  Harold (D:8)
  A hydra (Lair:3)
  A centaur warrior (D:12)
  A merfolk avatar (Lair:6)
  3 sea snakes
  3 unseen horrors
  A deep elf mage (D:12)
  A harpy (Lair:6)
  An ugly thing (D:11)
  16 elephants
  A manticore (D:9)
  A centaur zombie (D:11)
  4 torpor snails (Lair:2)
  2 black mambas (Lair:6)
  4 gargoyles (D:8)
  9 spiny frogs
  16 komodo dragons
  5 rime drakes
  A guardian mummy (D:12)
  A tengu conjurer (D:10)
  7 trolls
  5 polar bears
  2 hornets
  19 blink frogs
  9 hippogriffs
  A wraith (D:13)
  6 wyverns (Lair:6)
  3 hogs (D:7)
  25 yaks
  A human (D:7)
  3 hungry ghosts
  Grum (D:8)
  3 nagas (Lair:4)
  10 water moccasins
  A soldier ant (D:12)
  2 acid dragons (D:11)
  12 porcupines
  A black bear (D:7)
  4 orc warriors
  3 sky beasts
  3 phantoms
  2 ice beasts
  5 ogres
  An eye of draining (D:11)
  17 wolves
  4 centaurs
  12 crocodiles
  3 big kobolds
  10 bullfrogs
  A gnoll sergeant (D:5)
  6 scorpions
  48 killer bees (D:9)
  3 wights (D:6)
  3 howler monkeys (D:7)
  2 electric eels
  4 crimson imps
  3 quasits
  A bullfrog zombie (D:10)
  3 hounds
  2 jellies
  16 orc wizards
  4 orc priests
  4 bullfrog skeletons
  2 centaur skeletons
  9 worker ants
  A hound zombie (D:10)
  2 hound skeletons (D:7)
  2 worker ant zombies
  12 gnolls
  18 adders
  A shadow imp (D:7)
  3 oozes
  2 adder skeletons
  5 worms (D:2)
  2 dart slugs
  8 leopard geckos
  45 orcs
  8 bats
  8 giant cockroaches
  6 goblins
  8 hobgoblins
  4 jackals
  2 quokkas (D:6)
  4 ball pythons
  7 frilled lizards
  A jackal skeleton (D:7)
  20 kobolds
  A leopard gecko skeleton (D:4)
  A leopard gecko zombie (D:5)
  9 rats
542 creatures vanquished.

Vanquished Creatures (others)
  An orc (D:5)
  A bush (D:7)
  4 fungi
  5 plants
11 creatures vanquished.

Grand Total: 553 creatures vanquished

Notes
Turn   | Place    | Note
-------+----------+-------------------------------------------
     0 | D:1      | Delamore the Gargoyle Fighter began the quest for the Orb.
     0 | D:1      | Reached XP level 1. HP: 14/14 MP: 1/1
    17 | D:1      | Reached XP level 2. HP: 19/19 MP: 2/2
   241 | D:1      | Reached XP level 3. HP: 24/24 MP: 3/3
  1345 | D:2      | Reached skill level 4 in Shields
  1345 | D:2      | Reached XP level 4. HP: 29/29 MP: 4/4
  1745 | D:2      | Reached XP level 5. HP: 29/34 MP: 5/5
  1825 | D:2      | Found a faded altar of an unknown god.
  2265 | D:3      | Found a hazy altar of Hepliaklqana.
  2551 | D:3      | Reached XP level 6. HP: 40/40 MP: 6/6
  2646 | D:4      | Reached skill level 5 in Fighting
  2646 | D:4      | Reached skill level 5 in Shields
  2986 | D:3      | Noticed a hippogriff
  3003 | D:3      | Killed a hippogriff
  3003 | D:3      | Reached skill level 5 in Maces & Flails
  3003 | D:3      | Reached XP level 7. HP: 17/44 MP: 7/7
  3287 | D:4      | You fall into a shaft and drop 1 floor!
  3287 | D:5      | Entered Level 5 of the Dungeon
  3596 | D:5      | Found Ecedef's Distillery.
  4309 | D:5      | Found a staircase to the Ecumenical Temple.
  4314 | D:5      | Bought a potion of heal wounds for 60 gold pieces
  4374 | Temple   | Entered the Ecumenical Temple
  4553 | Temple   | Became a worshipper of Warmaster Okawaru
  4914 | D:5      | Reached XP level 8. HP: 46/49 MP: 8/8
  5231 | D:5      | Found a burning altar of Makhleb.
  5232 | D:5      | Found a glowing golden altar of the Shining One.
  5232 | D:5      | Found an ornate altar of the Wu Jian Council.
  5233 | D:5      | Found an ancient bone altar of Kikubaaqudgha.
  5546 | D:6      | Reached * piety under Okawaru
  5755 | D:6      | Noticed a hornet
  5762 | D:6      | Killed a hornet
  5767 | D:6      | Reached ** piety under Okawaru
  5772 | D:6      | Reached skill level 10 in Maces & Flails
  5998 | D:6      | Reached XP level 9. HP: 53/54 MP: 9/9
  6517 | D:7      | Reached *** piety under Okawaru
  7107 | D:7      | Reached XP level 10. HP: 34/59 MP: 10/10
  7125 | D:7      | Reached **** piety under Okawaru
  7369 | D:8      | Noticed Grum
  7406 | D:8      | Killed Grum
  7581 | D:8      | You fall into a shaft and drop 3 floors!
  7629 | D:11     | Noticed a red ugly thing
  7643 | D:11     | Killed a red ugly thing
  7643 | D:11     | Reached ***** piety under Okawaru
  8579 | D:10     | Entered Level 10 of the Dungeon
  8600 | D:10     | Reached skill level 6 in Shields
  8607 | D:10     | Received a gift from Okawaru
  8637 | D:10     | Reached XP level 11. HP: 57/66 MP: 11/11
  8655 | D:10     | Got a dazzling executioner's axe {god gift}
  8661 | D:10     | Identified the +5 executioner's axe of Qomnam {elec, Dex+4}
                  | (Okawaru gifted it to you on level 10 of the Dungeon)
  8718 | D:10     | Reached skill level 7 in Shields
  8790 | D:10     | Found Meoruloh's Magic Scroll Emporium.
  8799 | D:10     | Bought a scroll of blinking for 97 gold pieces
  9059 | D:10     | Found a staircase to the Lair.
  9167 | D:10     | Killed an unseen horror
  9359 | D:9      | Reached skill level 8 in Shields
  9472 | D:9      | Reached ****** piety under Okawaru
  9489 | D:9      | Received a gift from Okawaru
  9499 | D:9      | Got an encrusted flail {god gift}
  9500 | D:9      | Identified the +4 flail of the Desolation of Salt {vorpal,
                  | +Inv rF+ Dex+3} (Okawaru gifted it to you on level 9 of the
                  | Dungeon)
  9795 | D:8      | Got a steaming iron amulet
  9909 | D:8      | Identified the amulet of Wuag {Reflect MR+++ Dex-2 Slay+5
                  | SH+5} (You found it on level 8 of the Dungeon)
  9961 | D:8      | Noticed Harold
  9974 | D:8      | Killed Harold
 10045 | D:8      | Reached skill level 9 in Shields
 10272 | D:8      | Noticed Gastronok
 10287 | D:8      | Killed Gastronok
 10421 | D:8      | Reached skill level 10 in Fighting
 10421 | D:8      | Reached skill level 10 in Shields
 10553 | D:9      | Reached XP level 12. HP: 77/77 MP: 12/12
 10800 | D:9      | Received a gift from Okawaru
 10801 | D:9      | Got a translucent demon whip {god gift}
 10803 | D:9      | Identified the +2 demon whip of Quick Death {drain, rN+
                  | Dex+9} (Okawaru gifted it to you on level 9 of the Dungeon)
 10882 | D:9      | Reached skill level 11 in Shields
 10915 | D:9      | Found a white marble altar of Elyvilon.
 11650 | Lair:1   | Entered Level 1 of the Lair of Beasts
 11781 | Lair:1   | Reached skill level 12 in Shields
 12329 | Lair:2   | Found a snail-covered altar of Cheibriados.
 12334 | Lair:2   | Reached skill level 13 in Shields
 12522 | Lair:2   | Found a staircase to the Shoals.
 12768 | Lair:2   | Received a gift from Okawaru
 13099 | Shoals:1 | Entered Level 1 of the Shoals
 13114 | Lair:2   | Received a gift from Okawaru
 13188 | Lair:3   | Reached skill level 14 in Shields
 13357 | Lair:3   | Noticed a five-headed hydra
 13366 | Lair:3   | Killed a five-headed hydra
 13366 | Lair:3   | Received a gift from Okawaru
 13366 | Lair:3   | Reached XP level 13. HP: 56/82 MP: 13/13
 13759 | Lair:3   | Reached skill level 15 in Shields
 13785 | Lair:3   | Reached skill level 1 in Invocations
 14063 | Lair:4   | Noticed Snorg
 14072 | Lair:4   | Killed Snorg
 14072 | Lair:4   | Reached skill level 1 in Evocations
 14144 | Lair:4   | Found a staircase to the Snake Pit.
 15365 | Lair:5   | Found a staircase to the Slime Pits.
 15414 | Lair:5   | Reached skill level 5 in Invocations
 15636 | Lair:5   | Received a gift from Okawaru
 16329 | Lair:6   | Entered Level 6 of the Lair of Beasts
 16354 | Lair:6   | Reached skill level 5 in Evocations
 16361 | Lair:6   | Gained mutation: Your large and strong wings let you fly
                  | indefinitely. [Gargoyle growth]
 16361 | Lair:6   | Reached XP level 14. HP: 67/90 MP: 18/18
 16552 | Lair:6   | Received a gift from Okawaru
 17116 | Lair:6   | Noticed a dire elephant
 17129 | Lair:6   | Killed a dire elephant
 17723 | D:11     | Found Varhatte's Jewellery Shop.
 17978 | D:11     | Received a gift from Okawaru
 18591 | D:12     | Found a staircase to the Orcish Mines.
 18812 | D:12     | Received a gift from Okawaru
 18878 | D:12     | Found a portal to a secret trove of treasure.
 19042 | D:13     | Killed from afar by a meliai

Illustrated notes

Levels and vault maps discovered:
D:1:      sevenhm_arrival_forest_fort_small_6, layout_loops_corners
D:2:      layout_rooms, chequers_ecumenical_altar_twisty, chequers_arboretum,
          minmay_misc_feat_room, minmay_pentomino_pile
D:3:      layout_rooms, lemuel_round_altar
D:4:      layout_loops_ring, first_ration
D:5:      layout_layer_cave, chequers_temple_overflow_statue_of_worship,
          minmay_temple_entry_junction_2, serial_shops,
          nicolae_shop_window_shopping
D:6:      layout_loops_ring
D:7:      layout_basic, grunt_livestock, kb_lookout_dungeons_type,
          minmay_unpleasant_kobolds
D:8:      cheibrodos_statue_roulette, layout_basic, uniq_gastronok, uniq_harold,
          uniq_grum
D:9:      wad_woods_minihive, layout_irregular_city, kennysheep_mini_moat,
          kennysheep_boxes
D:10:     layout_loops_ring, lair_entry_dummy, serial_shops, shop
D:11:     layout_loops_corners, serial_shops, nicolae_shop_statue_plus
D:12:     layout_roguey, orc_0_dummy, nicolae_trove_entry_path_of_doom
D:13:     layout_basic, portal_ice_cave_demonic_guard, gammafunk_ghost_cemetery,
          nicolae_gozag_cash_rules_everything_around_me
Temple:   nicolae_temple_elliptical
Lair:1:   layout_big_grid, serial_bayou_shore_b, infiniplex_staircase_pool
Lair:2:   wad_woods_structure_01, layout_hall_layers, shoals_dummy_entry,
          chequers_serial_rivers_micro_a, chequers_serial_rivers_small_b,
          nicolae_quartered_pool_medium, kennysheep_snail_temple
Lair:3:   layout_regular_city, grunt_megastairs_1
Lair:4:   layout_regular_city, guppyfry_snake_entry_island, uniq_snorg
Lair:5:   layout_hall_layers, slime_dummy, serial_bayou_pond_c,
          lookout_lair_type, grunt_megastairs_4
Lair:6:   gammafunk_lair_ancient_temple, layout_loops_ring
Shoals:1: layout_shoals

Skill      XL: |  1  2  3  4  5  6  7  8  9 10 11 12 13 14 |
---------------+-------------------------------------------+-----
Fighting       | 4 5 6 10 11 13 | 13.0
Shields        | 4 5 6 10 14 15 | 15.0
Maces & Flails | 3 5 7 10 12 14 | 14.0
Invocations    | 6 8 |  8.0
Evocations     | 5 7 |  7.4
Armour         | |  3.2

Action                   |  1- 3 |  4- 6 |  7- 9 | 10-12 | 13-15 || total
-------------------------+-------+-------+-------+-------+-------++-------
Melee: Flail             |   140 |   188 |   118 |   106 |       ||   552
       Whip              |       |       |   316 |   409 |       ||   725
       Demon whip        |       |       |       |   195 |   688 ||   883
  Use: Scroll            |       |       |     9 |    12 |     4 ||    25
       Potion            |       |       |       |     1 |     1 ||     2
  Eat: Chunk             |     1 |     6 |    10 |    17 |    16 ||    50
       Ration            |       |       |     1 |     1 |     1 ||     3
Armor: Scale mail        |    80 |    82 |       |       |       ||   162
       Chain mail        |       |    38 |   223 |   379 |   180 ||   820
Dodge: Dodged            |    30 |    70 |    73 |   135 |   103 ||   411
Block: Kite shield       |    82 |    97 |   194 |   410 |   428 ||  1211
       Reflection        |       |       |       |     6 |     4 ||    10
